 Seeded DCSS version 0.32-a0-900-g30fb1b0edc (webtiles) character file.

Game seed: 202404056 (custom seed)

2075 Orlauf the Cruncher (level 9, -1/72 HPs)
             Began as a Demonspawn Gladiator on Apr 5, 2024.
             Slain by a vampire mosquito (5 damage)
             ... on level 6 of the Dungeon.
             The game lasted 00:10:37 (5743 turns).

Orlauf the Cruncher (Demonspawn Gladiator)          Turns: 5743, Time: 00:10:37

Health: -1/72      AC: 16    Str: 24    XL:     9   Next: 6%
Magic:  9/9        EV:  6    Int:  9    God:
Gold:   259        SH:  0    Dex: 15    Spells: 8/8 levels left

rFire   . . .        a - +1 quarterstaff (vamp)
rCold   . . .        (shield currently unavailable)
rNeg    . . .        k - +0 plate armour
rPois   .            (helmet restricted)
rElec   .            o - +0 cloak {Stlth+}
rCorr   .            i - +0 pair of gloves
SInv    .            (no boots)
Will    .....        (no amulet) Stlth
                     g - +4 ring of protection
HPRegen 0.32/turn    w - +6 ring of strength
MPRegen 0.11/turn

%: no passive effects
@: wreathed by umbra, studying Long Blades
A: horns 1, ignite blood 1, foul shadow 1
a: no special abilities


You were on level 6 of the Dungeon.
You visited 1 branch of the dungeon, and saw 6 of its levels.

You collected 365 gold pieces.
You spent 106 gold pieces at shops.

Inventory:

Hand Weapons
 a - a +1 vampiric quarterstaff (weapon)
 q - a +2 quarterstaff of chaos
Missiles
 d - 3 throwing nets
 e - 11 javelins
 l - 16 poisoned darts
 p - 2 curare-tipped darts (quivered)
Armour
 i - a +0 pair of gloves (worn)
 k - a +0 plate armour (worn)
 o - a +0 cloak of stealth (worn)
Jewellery
 g - a +4 ring of protection (left hand)
 w - a +6 ring of strength (right hand)
Wands
 t - a wand of mindburst (14)
Scrolls
 j - 3 scrolls of enchant weapon
 s - a scroll of vulnerability
Potions
 b - a potion of lignification
 c - 2 potions of enlightenment
 f - a potion of invisibility
 h - a potion of magic {unknown}
 m - a potion of resistance
 n - a potion of might {unknown}
 r - a potion of cancellation {unknown}
 u - a potion of haste {unknown}


   Skills:
 + Level 7.2 Fighting
 * Level 9.3 Staves
 - Level 1.7 Throwing
 - Level 2.6 Dodging


You had 8 spell levels left.
You didn't know any spells.
Your spell library contained the following spells:

 Spells                   Type           Power      Damage    Failure   Level
 Jinxbite                 Hex            0%         N/A       100%        2
 Static Discharge         Conj/Air       0%         3-3/arc   100%        2
 Passwall                 Erth           0%         N/A       100%        3
 Volatile Blastmotes      Fire/Tloc      0%         2d10      100%        3
 Airstrike                Air            0%         2d(0-16)  100%        4
 Summon Lightning Spire   Summ/Air       0%         N/A       100%        4
 Vhi's Electric Charge    Tloc/Air       0%         N/A       100%        4
 Yara's Violent Unravell  Hex/Alch       0%         3d3       100%        5
 Bombard                  Conj/Erth      0%         9d1       100%        6
 Enfeeble                 Hex            0%         N/A       100%        7


Dungeon Overview and Level Annotations

Branches:
Dungeon (6/15)
 Temple: D:4-7

Altars:
Fedhas
Gozag
Kikubaaqudgha
Okawaru
Qazlal
Trog

Shops:
D:3 *(   D:4 =

Annotations:
D:5 3 runed translucent doors, EvilEddieB's ghost, novice DsNe


Innate Abilities, Weirdness & Mutations

You have a pair of small horns on your head.
Your demonic aura sometimes causes spilled blood to erupt in flames.
You are faintly shadowed, very rarely releasing foul flame when damaged in melee.


Message History

The vampire mosquito bites you but does no damage.
The vampire mosquito barely misses you.
Okay, then.
You miss the vampire mosquito.
Your headbutt misses the vampire mosquito.
The vampire mosquito is moderately damaged.
The vampire mosquito bites you but does no damage. x2
The vampire mosquito bites you.
* * * LOW HITPOINT WARNING * * *
The vampire mosquito draws strength from your injuries!
You thump the vampire mosquito!
Your headbutt misses the vampire mosquito.
The vampire mosquito is severely damaged.
The vampire mosquito bites you but does no damage.
The vampire mosquito bites you.
* * * LOW HITPOINT WARNING * * *
The vampire mosquito draws strength from your injuries!
The vampire mosquito bites you.
* * * LOW HITPOINT WARNING * * *
The vampire mosquito draws strength from your injuries!
The vampire mosquito is seared by the foul flame within you.
The vampire mosquito resists.
The vampire mosquito is lightly damaged.
You hit the vampire mosquito.
The vampire mosquito is severely damaged.
The vampire mosquito bites you but does no damage. x3
The vampire mosquito barely misses you.
Unknown command.
You thump the vampire mosquito!
You destroy the vampire mosquito!
The vampire mosquito bites you but does no damage.
You have reached level 9!
Your experience leads to an increase in your attributes!
Your base attributes are Str 16, Int 9, Dex 15.
Increase (S)trength, (I)ntelligence, or (D)exterity?
You feel stronger. x2
You thump the vampire mosquito!
The vampire mosquito is severely damaged.
The vampire mosquito barely misses you. The vampire mosquito bites you.
You die...

..... ......
...... ......
......########
.......#(....#
........y@...#
.......<##...#
.........y..##
...........##
............#
#.............#
.....<.........
..####.........
.# ..........


You could see a vampire mosquito.

Vanquished Creatures
  Pikel (D:4)
  3 vampire mosquitoes (D:6)
  An ogre (D:5)
  3 centaurs (D:5)
  4 lemures (D:4)
  A phantom (D:5)
  3 kobold brigands (D:3)
  A howler monkey (D:5)
  A bombardier beetle (D:3)
  3 hounds
  Crazy Yiuf (D:5)
  2 sleepcaps
  Ijyb (D:3)
  Terence (D:3)
  An orc wizard (D:3)
  Natasha (twice) (D:3)
  11 gnolls (D:3)
  4 adders
  A dart slug (D:2)
  A ribbon worm (D:2)
  8 orcs
  7 ball pythons
  10 endoplasms
  6 giant cockroaches
  8 goblins
  15 hobgoblins
  8 jackals
  3 quokkas (D:1)
  6 bats
  5 frilled lizards
  44 kobolds
  5 rats
171 creatures vanquished.

Notes
Turn   | Place    | Note
-------+----------+-------------------------------------------
     0 | D:1      | Orlauf the Demonspawn Gladiator began the quest for the
                  | Orb.
     0 | D:1      | Reached XP level 1. HP: 16/16 MP: 1/1
    67 | D:1      | Reached skill level 3 in Staves
    83 | D:1      | Gained mutation: You are faintly shadowed, very rarely
                  | releasing foul flame when damaged in melee. [demonic
                  | ancestry]
    83 | D:1      | Reached XP level 2. HP: 9/22 MP: 2/2
   547 | D:1      | Reached XP level 3. HP: 28/28 MP: 3/3
  1425 | D:2      | Reached XP level 4. HP: 35/35 MP: 4/4
  1436 | D:2      | Reached skill level 4 in Staves
  2017 | D:3      | Reached XP level 5. HP: 38/41 MP: 5/5
  2035 | D:3      | Found Syown's Assorted Antiques.
  2062 | D:3      | Bought a scroll labelled YLLUAS FERI for 22 gold pieces
  2062 | D:3      | Bought a viscous red potion for 19 gold pieces
  2062 | D:3      | Bought a scroll labelled FUXIAXZ MIARR for 22 gold pieces
  2120 | D:3      | Found Cangapp's Weapon Shop.
  2126 | D:3      | Bought 3 curare-tipped darts for 43 gold pieces
  2280 | D:3      | Found an iron altar of Okawaru.
  2394 | D:3      | Found a blossoming altar of Fedhas.
  2397 | D:3      | Found an ancient bone altar of Kikubaaqudgha.
  2485 | D:3      | Reached skill level 5 in Staves
  2485 | D:3      | Gained mutation: You have a pair of small horns on your
                  | head. [demonic ancestry]
  2485 | D:3      | Reached XP level 6. HP: 24/48 MP: 6/6
  3040 | D:3      | Reached skill level 6 in Staves
  3040 | D:3      | Reached XP level 7. HP: 33/55 MP: 7/7
  3370 | D:3      | Noticed Natasha
  3377 | D:3      | Killed Natasha
  3416 | D:3      | Noticed Terence
  3422 | D:3      | Killed Terence
  3590 | D:3      | Found a faded altar of an unknown god.
  3590 | D:3      | Noticed Ijyb
  3594 | D:3      | Killed Ijyb
  3595 | D:3      | Reached skill level 5 in Fighting
  3660 | D:3      | Noticed Natasha
  3661 | D:3      | Killed Natasha
  3980 | D:4      | Found an opulent altar of Gozag.
  3981 | D:4      | Found a bloodstained altar of Trog.
  3990 | D:4      | Noticed a water elemental
  3992 | D:4      | Found a stormy altar of Qazlal.
  3994 | D:4      | Noticed an air elemental
  3994 | D:4      | Noticed a fire elemental
  4021 | D:4      | Noticed Pikel
  4064 | D:4      | Killed Pikel
  4065 | D:4      | Reached skill level 7 in Staves
  4065 | D:4      | Gained mutation: Your demonic aura sometimes causes spilled
                  | blood to erupt in flames. [demonic ancestry]
  4065 | D:4      | Reached XP level 8. HP: 19/64 MP: 8/8
  4449 | D:4      | Found Astustui's Jewellery Emporium.
  4671 | D:5      | Entered Level 5 of the Dungeon
  4773 | D:5      | Found a runed translucent door.
  4774 | D:5      | Noticed Crazy Yiuf
  4780 | D:5      | Killed Crazy Yiuf
  5149 | D:5      | Reached skill level 8 in Staves
  5400 | D:5      | Found a runed translucent gate.
  5401 | D:5      | Found a runed translucent gate.
  5402 | D:5      | Found a runed translucent gate.
  5402 | D:5      | Noticed EvilEddieB's ghost (novice DsNe)
  5731 | D:6      | Reached skill level 9 in Staves
  5740 | D:6      | HP: 3/67 [vampire mosquito (6)]
  5743 | D:6      | Reached XP level 9. HP: 3/72 MP: 9/9
  5743 | D:6      | Slain by a vampire mosquito

Illustrated notes

Levels and vault maps discovered:
D:1:      erik_arrival_cave_to_civilisation [erik_arrival_cave_to_hall],
          layout_loops_ring
D:2:      minmay_inner_zag, layout_loops_cross
D:3:      minmay_goblin_kobold_castle, layout_basic,
          grunt_temple_overflow_growth_and_decay,
          mainiacjoe_overflow_tiny_flanked,
          dreamdust_ecumenical_altar_hidden_monk_grotto, serial_shops,
          nicolae_square_shop, nicolae_shop_bloodbath_and_beyond, uniq_natasha,
          uniq_ijyb, uniq_terence
D:4:      layout_cave_pools, nicolae_qazlal_style_of_elements,
          overflow_temple_1_default, grunt_temple_overflow_open, serial_shops,
          nicolae_shop_hallway_plus, uniq_pikel
D:5:      layout_gridville, general_overflow_altar, serial_bayou,
          serial_bayou_shore_b, serial_bayou_pond_c, serial_bayou_crossing,
          serial_bayou_shore_b, ebering_ghost_rock_garden,
          grunt_decor_mini_mirrors, minmay_manual_monstrance,
          uniq_crazy_yiuf_cottage
D:6:      hangedman_cross_stitches, layout_cave_pools, uniq_grinder

Skill      XL: |  1  2  3  4  5  6  7  8 |
---------------+-------------------------+-----
Staves         | 3 4 5 6 7 9 |  9.3
Fighting       | 3 4 5 7 |  7.2
Throwing       | |  1.7
Dodging        | |  2.6

Action                     |  1- 3 |  4- 6 |  7- 9 || total
---------------------------+-------+-------+-------++-------
  Melee: Quarterstaff      |   127 |   224 |   186 ||   537
         Headbutt          |       |    21 |    33 ||    54
  Throw: Dart              |       |       |     8 ||     8
    Use: Scroll            |     2 |     3 |     8 ||    13
         Potion            |       |       |     1 ||     1
 Armour: Ring mail         |    21 |       |       ||    21
         Leather armour    |     5 |       |       ||     5
         Scale mail        |    68 |     7 |       ||    75
         Chain mail        |       |   221 |    91 ||   312
         Plate armour      |       |       |   150 ||   150
  Dodge: Dodged            |    67 |   125 |    82 ||   274

Table legend: (Time is in decaauts)
 A = Elapsed time spent in this place.
 B = Non-inter-level travel time spent in this place.
 C = Inter-level travel time spent in this place.
 D = Time resting spent in this place.
 E = Time spent auto-exploring this place.
 F = Levels seen in this place.
 G = Mean time per level.
                   A        B        C        D        E       F      G
               +--------+--------+--------+--------+--------+-----+--------+
         Total |   5778 |   5558 |    220 |     55 |   4426 |   6 |  963.0 |
       Dungeon |   5778 |   5558 |    220 |     55 |   4426 |   6 |  963.0 |
               +--------+--------+--------+--------+--------+-----+--------+

Top non-repeatable levels by time:
     D:3: 2019 daAuts
     D:1: 1074 daAuts
     D:5: 1060 daAuts
     D:2: 916 daAuts
     D:4: 687 daAuts
     D:6: 19 daAuts
